[Event "*** Titled Tuesday Blitz"]
[Site "Chess.com"]
[Date "2021.04.06"]
[Round "5"]
[White "InitiatingASC"]
[Black "manuellarrea"]
[Result "1-0"]
[WhiteElo "2426"]
[BlackElo "2248"]
[TimeControl "180+1"]
[EndTime "10:58:21 PDT"]
[Termination "InitiatingASC won on time"]

1. d4 Nf6 2. c4 e6 3. Nc3 d5 4. e3 c5 5. Nf3 Nc6 6. Bd3 cxd4 7. exd4 dxc4 8. Bxc4 Be7 9. O-O O-O 10. a3 b6 11.
Bd3 Bb7 12. Bc2 Rc8 13. Qd3 Re8 14. Bg5 g6 15. Rad1 Bf8 16. d5 exd5 17. Nxd5 Qxd5 18. Bxf6 Qxd3 19. Bxd3 Bg7 20. Bxg7 Kxg7 21. Bb5 Red8 22. h4 a6 23. Ba4 Rxd1 24. Rxd1 Rd8 25. Rxd8 Nxd8 26. Nd4 Kf6 27. g3 Ke5 28. Ne2 b5 29. Bb3 Bd5 30. Bc2 Ne6 31. f4+ Kd6 32. f5 Nc5 33.
fxg6 hxg6 34. Kf2 Be4 35. Bxe4 Nxe4+ 36. Ke3 Ke5 37. g4 f5 38. h5 gxh5 39. gxh5 Nf6 40.
Nf4 Ng4+ 41. Kf3 Kd4 42. Ne6+ Ke5 43. Nc7 a5 44. Nxb5 Kf6 45. Nd4 Kg5 46. b4 axb4 47.
axb4 Kxh5 48. Nxf5 Kg5 49. Nd6 Ne5+ 50. Ke4 Nd7 51. Kd5 Kf6 52. Kc6 Ne5+ 53. Kc7 Nd3 54. b5 Ke6 55. b6 1-0

[Event "*** Titled Tuesday Blitz"]
[Site "Chess.com"]
[Date "2021.04.06"]
[Round "5"]
[White "Legendinunknown"]
[Black "Kiborg95"]
[Result "1-0"]
[WhiteElo "2611"]
[BlackElo "2797"]
[TimeControl "180+1"]
[EndTime "10:58:22 PDT"]
[Termination "Legendinunknown won by resignation"]

1. d4 d6 2. c4 e5 3. Nf3 e4 4.
Ng1 f5 5. Nc3 Be7 6. Nh3 c6 7.
Nf4 Nf6 8. g3 g5 9. Ng2 h6 10.
h4 Rg8 11. hxg5 hxg5 12. Be3 d5 13. Qd2 Ng4 14. O-O-O Be6 15. f3 Nxe3 16. Nxe3 Na6 17. fxe4 fxe4 18. cxd5 cxd5 19. Kb1 Qd7 20. Rh7 Nc7 21.
Bg2 O-O-O 22. Rdh1 Kb8 23. Qc2 Qd6 24. R1h6 Rge8 25. Nf5 Bxf5 26. Rxd6 Bxd6 27. Rg7 Ne6 28. Rf7 Nxd4 29. Qa4 Be6 30. Rxb7+ Kxb7 31. Qxd4 Bc7 32. Qg7 Kb8 33. Qxg5 Bb6 34. Qg6 Bd4 35. Nb5 Bb6 36.
Qf6 Bc8 37. Nd4 Bb7 38. Bh3 Rf8 39. Qe5+ Ka8 40. Ne6 Rfe8 41. Nc7+ Bxc7 42. Qxc7 d4 43. Bd7 Rf8 44. Bc6 Bxc6 45. Qxc6+ Kb8 46. Qxe4 Rfe8 47.
Qf4+ Ka8 48. Qf3+ Kb8 49. Kc2 Rc8+ 50. Kd2 Rcd8 51. Qf4+ Kc8 52. g4 Re7 53. g5 Rde8 54.
Qg4+ Kb8 55. g6 Rg8 56. Qf4+ Kc8 57. Qf5+ Kb8 58. Qb5+ Ka8 59. Qd5+ Kb8 60. Qxg8+ 1-0

[Event "*** Titled Tuesday Blitz"]
[Site "Chess.com"]
[Date "2021.04.06"]
[Round "5"]
[White "stepakyedael"]
[Black "GameOverBro"]
[Result "0-1"]
[WhiteElo "2287"]
[BlackElo "2516"]
[TimeControl "180+1"]
[EndTime "10:58:23 PDT"]
[Termination "GameOverBro won by checkmate"]

1. d4 Nf6 2. c4 b5 3. cxb5 a6 4. b6 cxb6 5. Nc3 d5 6. e3 Bf5 7.
Bd3 Bxd3 8. Qxd3 e6 9. Nge2 Bd6 10. h3 b5 11. a3 Nc6 12. O-O O-O 13. Bd2 Na5 14. Na2 Nc4 15. Bc1 Qe7 16. Nac3 Rfb8 17. e4 dxe4 18. Nxe4 Nxe4 19. Qxe4 Rd8 20. Rd1 Ra7 21.
Nc3 Rad7 22. Rb1 Bb8 23. Bf4 Bxf4 24. Qxf4 Qf6 25. Qxf6 gxf6 26. Ne2 e5 27. b3 Nxa3 28.
Rbc1 exd4 29. Rd3 b4 30. Rc6 Re8 31. Rxd4 Rde7 32. Ng3 a5 33. Nf5 Re5 34. Rg4+ Kf8 35. Rxf6 R8e6 36. Rxe6 fxe6 37. Ne3 Nb1 38. Nc4 Rc5 39.
Nb6 Ke7 40. Rg7+ Kd6 41. Rd7+ Kc6 42. Na4 Rc1+ 43. Kh2 Kxd7 44. g4 Nc3 45. Nb6+ Kd6 46. Nc4+ Kc5 47. Nxa5 Ra1 48. Nb7+ Kb6 49. Nd8 Re1 50. Nf7 Nb5 51. Ng5 Nd4 52. Nxh7 Nxb3 53. g5 Nd4 54. g6 Nf5 55. h4 b3 56. h5 b2 57. h6 Nxh6 58. g7 b1=Q 59. Kg3 Qxh7 60. f4 Qxg7+ 61. Kf2 Qg1+ 62. Kf3 Re3# 0-1

[Event "*** Titled Tuesday Blitz"]
[Site "Chess.com"]
[Date "2021.04.06"]
[Round "5"]
[White "ybruned"]
[Black "GMaka"]
[Result "1-0"]
[WhiteElo "2342"]
[BlackElo "2454"]
[TimeControl "180+1"]
[EndTime "10:58:23 PDT"]
[Termination "ybruned won by resignation"]

1. b3 e5 2. Bb2 Nc6 3. e3 d6 4. d4 Nge7 5. dxe5 dxe5 6. Qxd8+ Kxd8 7. Nc3 f6 8. O-O-O+ Ke8 9. Nb5 Kf7 10. Nxc7 Rb8 11.
Bc4+ Kg6 12. Nb5 a6 13. Nd6 b5 14. Bf7+ Kh6 15. Nxc8 Rxc8 16. Kb1 g6 17. Nf3 Bg7 18.
Be6 Rcd8 19. a3 f5 20. h4 e4 21. Ng5 Bxb2 22. Nf7+ Kg7 23. Kxb2 Rxd1 24. Rxd1 Rf8 25. Ng5 h6 26. Nh3 Kf6 27. Bd5 Rd8 28. c4 Ne5 29.
Kc3 bxc4 30. bxc4 Nd3 31. Bb7 a5 32. Rb1 Nc8 33. Bxc8 Rxc8 34. Rb6+ Kf7 35. Ra6 Ne5 36. Rxa5 Nxc4 37. Ra7+ Kf6 38. Kd4 Nd2 39. Ra6+ Kf7 40. Ke5 Nc4+ 41. Kd5 Nd2 42. Ra7+ Kf6 43. Ra6+ Kf7 44.
Nf4 Rd8+ 45. Kc5 g5 46. hxg5 hxg5 47. Nh3 Nb3+ 48. Kb4 Nd2 49. Nxg5+ Kg7 50. Nh3 Rb8+ 51. Kc5 Rb2 52. Kd5 Nb1 53. Ke5 Nc3 54. Kxf5 Nd1 55.
Kxe4 Nxf2+ 56. Nxf2 Rxf2 57. g4 Rg2 58. Kf3 Ra2 59. a4 Kf7 60. a5 Kg7 61. Kf4 Kf7 62. e4 Ra4 63. g5 Ra1 64. Kf5 Rf1+ 65. Ke5 Rg1 66. g6+ Ke7 67. Ra7+ Ke8 68. g7 1-0

[Event "*** Titled Tuesday Blitz"]
[Site "Chess.com"]
[Date "2021.04.06"]
[Round "5"]
[White "KingCyber19"]
[Black "WonderChampion"]
[Result "1-0"]
[WhiteElo "2542"]
[BlackElo "2116"]
[TimeControl "180+1"]
[EndTime "10:58:23 PDT"]
[Termination "KingCyber19 won by checkmate"]

1. d4 d5 2. c4 e6 3. Nf3 c6 4.
Nc3 dxc4 5. a4 Bb4 6. g3 b5 7.
Bg2 Bb7 8. O-O Nf6 9. axb5 cxb5 10. Nxb5 O-O 11. Bf4 a6 12. Na3 c3 13. bxc3 Bxc3 14. Rc1 Bb2 15. Rb1 Bxa3 16. Rxb7 Nc6 17. Qa4 Na5 18.
Rc7 Nd5 19. Qxa5 Nxc7 20. Qxa3 Nd5 21. Bd6 Re8 22. Bc5 a5 23. Ne5 Qc7 24. Rc1 Rec8 25. Bxd5 exd5 26. Nd3 Qb7 27. Qa2 a4 28. Nb4 Rd8 29. Ra1 Qb5 30. Nxd5 Qb3 31. Ne7+ Kh8 32.
Qa3 Qc4 33. e4 Rdb8 34. Rc1 Qe2 35. Bd6 Rb2 36. Rf1 Ra2 37. Qe3 Qc4 38. Be5 f6 39.
Bd6 a3 40. e5 Re2 41. Qf4 fxe5 42. Bxe5 Qg8 43. Nxg8 Rxg8 44. Ra1 a2 45. Qf3 Rb2 46. d5 Rb1+ 47. Kg2 Ra8 48. d6 Rab8 49. d7 Rd8 50.
Rxa2 Rb4 51. Qf7 Rc4 52. Qxg7# 1-0

[Event "*** Titled Tuesday Blitz"]
[Site "Chess.com"]
[Date "2021.04.06"]
[Round "5"]
[White "NicoChasin"]
[Black "m_ezat"]
[Result "0-1"]
[WhiteElo "2722"]
[BlackElo "2572"]
[TimeControl "180+1"]
[EndTime "10:58:24 PDT"]
[Termination "m_ezat won by resignation"]

1. d4 Nf6 2. c4 g6 3. Nc3 Bg7 4. e4 d6 5. Nf3 O-O 6. Be2 e5 7. O-O Nc6 8. d5 Ne7 9. Ne1 Nd7 10. Be3 f5 11. f3 f4 12. Bf2 g5 13. b4 Nf6 14. c5 Ng6 15. Rc1 Rf7 16. Qc2 g4 17.
cxd6 cxd6 18. Nb5 g3 19. hxg3 fxg3 20. Bxg3 Bh6 21. Nd3 Qb6+ 22. Bf2 Qxb5 23. Nxe5 Qe8 24. Nxf7 Qxf7 25. Rce1 Nf4 26. g3 Nh3+ 27. Kg2 Nxf2 28. Rxf2 Be3 29. Rff1 Nh5 30. f4 Bb6 31. e5 Bf5 32.
Qd1 Be4+ 33. Kh2 Nxg3 34. Rg1 Bxg1+ 35. Rxg1 Qxf4 36. Rxg3+ Kh8 37. Qg1 Rg8 38. e6 Qh4+ 39. Rh3 Qxh3+ 40. Kxh3 Rxg1 41. Bh5 Bxd5 42. e7 Bc6 43.
e8=Q+ Bxe8 44. Bxe8 Rb1 45. b5 Rb2 46. a4 Rb4 47. a5 b6 48. a6 d5 49. Kg3 Kg7 50.
Kf3 Kf6 51. Ke3 Ke5 52. Bc6 h5 53. Kf3 h4 54. Ke3 h3 55. Kf3 Rb3+ 56. Kg4 h2 0-1

[Event "*** Titled Tuesday Blitz"]
[Site "Chess.com"]
[Date "2021.04.06"]
[Round "5"]
[White "Rakesh"]
[Black "azikom"]
[Result "0-1"]
[WhiteElo "2496"]
[BlackElo "2700"]
[TimeControl "180+1"]
[EndTime "10:58:25 PDT"]
[Termination "azikom won by resignation"]

1. e4 e5 2. Nf3 Nc6 3. d4 exd4 4. Nxd4 Bb4+ 5. Nc3 Nge7 6. Bc4 O-O 7. O-O d6 8.
Bg5 h6 9. Bh4 Bxc3 10. Nxc6 bxc6 11. bxc3 Be6 12. Bxe6 fxe6 13. e5 d5 14. c4 Qd7 15.
cxd5 cxd5 16. Rb1 Nf5 17. Bg3 Qc6 18. Qg4 Kh7 19. c4 dxc4 20. Rbc1 c3 21. Qb4 Rab8 22.
Qxc3 Qxc3 23. Rxc3 Rf7 24. Rfc1 Rb2 25. Kf1 Rxa2 26. Bf4 g5 27. g4 gxf4 28. gxf5 Rxf5 29.
Rxc7+ Kg6 30. R7c5 f3 31. h4 a5 32. Kg1 Rf4 33. Kh2 Rg4 34. R1c2 Rxc2 35. Rxc2 Rxh4+ 36. Kg3 Rb4 37. Kxf3 Kf5 38. Rc5 a4 39. Ra5 h5 40. Kg3 h4+ 41. Kh3 Rf4 42. f3 Rxf3+ 43. Kxh4 a3 44. Ra8 Kxe5 45. Ra5+ Kd6 46. Ra4 Kc5 47.
Kg4 Rc3 48. Kf4 Rc4+ 49. Rxc4+ Kxc4 50. Ke3 a2 51. Kd2 a1=Q 0-1

[Event "*** Titled Tuesday Blitz"]
[Site "Chess.com"]
[Date "2021.04.06"]
[Round "5"]
[White "szabadaba"]
[Black "rynos0411"]
[Result "1-0"]
[WhiteElo "2676"]
[BlackElo "2453"]
[TimeControl "180+1"]
[EndTime "10:58:25 PDT"]
[Termination "szabadaba won by resignation"]

1. e4 c6 2. d4 d5 3. Nc3 dxe4 4. Nxe4 Nf6 5. Nxf6+ exf6 6. c3 Bd6 7. Bd3 O-O 8. Qc2 Re8+ 9. Ne2 h5 10. h3 Nd7 11.
g4 h4 12. Be3 Nf8 13. O-O-O Be6 14. Kb1 Bd5 15. Rhg1 Bh2 16. Rge1 b5 17. Nf4 Bf3 18.
Rc1 Ne6 19. Nh5 Ng5 20. Bxg5 fxg5 21. Re3 Bd5 22. Rce1 Qd7 23. Bf5 Rxe3 24. fxe3 Qc7 25. e4 Be6 26. Bxe6 fxe6 27. e5 Bg3 28. Rf1 Qe7 29.
Qg6 Bf4 30. Nxf4 Rf8 31. Qe4 Qf7 32. Qxc6 gxf4 33. Qe4 f3 34. Rf2 a5 35. Kc2 b4 36. c4 Qc7 37. Kd3 b3 38. axb3 Qb6 39. Kc2 a4 40. bxa4 Qb4 41. b3 Qa3 42. Rxf3 Qa2+ 43. Kc3 Qa1+ 44. Kb4 Rxf3 45. Qxf3 Qxd4 46.
Qc6 Qxe5 47. a5 Qe1+ 48. Kb5 Qc3 49. b4 Qe5+ 50. Qc5 Qb8+ 51. Ka4 e5 52. a6 Qe8+ 53. Ka5 e4 54. Qd5+ Kh8 55. a7 1-0

[Event "*** Titled Tuesday Blitz"]
[Site "Chess.com"]
[Date "2021.04.06"]
[Round "5"]
[White "mariofs"]
[Black "Handszar"]
[Result "0-1"]
[WhiteElo "2217"]
[BlackElo "2358"]
[TimeControl "180+1"]
[EndTime "10:58:25 PDT"]
[Termination "Handszar won by checkmate"]

1. d4 Nf6 2. Nf3 c5 3. c3 Qc7 4. g3 g6 5. Bg2 Bg7 6. O-O O-O 7. Bf4 d6 8. Nbd2 Nc6 9. dxc5 e5 10. cxd6 Qxd6 11.
Bg5 h6 12. Bxf6 Qxf6 13. Ne4 Qe7 14. Qd6 Re8 15. Rfd1 f5 16. Qxe7 Rxe7 17. Nc5 e4 18.
Nh4 Kh7 19. Rd6 Ne5 20. f4 exf3 21. Nxf3 Nc4 22. Rd8 Nxb2 23. Nd4 Nc4 24. Kf2 Bf6 25. Rd1 Rc7 26. Nce6 Bxd8 27. Nxd8 Bd7 28. Nxb7 Rb8 29. Nb3 Ba4 30. N7c5 Rxc5 31. Rd4 Bxb3 32. axb3 Rxb3 33.
Bd5 Rxc3 34. Be6 Ne3 35. Rd7+ Kh8 36. Rd8+ Kg7 37. Rd7+ Kf6 38. Ba2 Ng4+ 39. Kg2 Ne5 40. Rxa7 Rc2 41. Kf1 Rc1+ 42. Kf2 R5c2 43. Bb3 Rb2 44. Bd5 Ng4+ 45. Kf3 Rc3+ 46. Kg2 Ne3+ 47. Kf2 Nxd5 48. Ra6+ Ke5 49. Ra5 Ke4 50. Ra4+ Rb4 51.
Ra2 Ne3 52. Rd2 Ng4+ 53. Kg2 Rd4 54. Ra2 Ne3+ 55. Kf2 Rc1 56. h3 Rf1# 0-1

[Event "*** Titled Tuesday Blitz"]
[Site "Chess.com"]
[Date "2021.04.06"]
[Round "5"]
[White "AlexOstrovskiy"]
[Black "Snegokhod"]
[Result "1-0"]
[WhiteElo "2747"]
[BlackElo "2572"]
[TimeControl "180+1"]
[EndTime "10:58:26 PDT"]
[Termination "AlexOstrovskiy won by resignation"]

1. d4 Nf6 2. Bf4 c5 3. dxc5 Na6 4. f3 Nxc5 5. e4 d6 6. Nc3 e5 7. Be3 Be7 8. Bb5+ Ncd7 9. a4 O-O 10. Nge2 Nc5 11.
Bc4 Ne6 12. O-O Nh5 13. Qd2 h6 14. Rad1 b6 15. Nd5 Bg5 16. Bxg5 hxg5 17. Ne3 Nhf4 18. Qxd6 Nxe2+ 19. Bxe2 Nd4 20. Qxd8 Rxd8 21. Bc4 Be6 22. c3 Bxc4 23. Nxc4 Nc6 24. Rd5 Rxd5 25. exd5 Ne7 26. Rd1 f6 27. Kf2 Rd8 28. Ne3 Kf7 29. g4 g6 30. b4 Nc8 31. c4 Rh8 32. Kg2 Nd6 33. c5 bxc5 34. bxc5 Nb7 35. c6 Nd6 36. Rb1 f5 37. a5 f4 38. Nf1 e4 39. fxe4 Kf6 40. Nd2 Ke5 41. a6 Rc8 42. Rb7 Nxe4 43. Re7+ Kxd5 44. Nxe4 Rxc6 45. Nxg5 Rxa6 46. Kf3 Ra4 47.
Ne4 Ra3+ 48. Kxf4 a5 49. Nf6+ Kd6 50. Ra7 Rh3 51. Rxa5 Rxh2 52. Kg5 Ke6 53. Kxg6 Rh1 54. g5 Rg1 55. Ra6+ Ke7 56. Nh5 Rb1 57. Ra7+ Kf8 58. Nf6 Rb7 59. Nh7+ Ke7 60. Rxb7+ Kd6 61. Rf7 Ke6 62.
Rf6+ Ke5 63. Nf8 1-0

[Event "*** Titled Tuesday Blitz"]
[Site "Chess.com"]
[Date "2021.04.06"]
[Round "5"]
[White "scandalgod"]
[Black "jacky72"]
[Result "1-0"]
[WhiteElo "2546"]
[BlackElo "2715"]
[TimeControl "180+1"]
[EndTime "10:58:26 PDT"]
[Termination "scandalgod won on time"]

1. d4 Nf6 2. c4 g6 3. Nc3 Bg7 4. e4 O-O 5. f4 d6 6. Nf3 c5 7. d5 e6 8. Be2 exd5 9. cxd5 Re8 10. e5 dxe5 11. fxe5 Ng4 12. Bg5 Qb6 13. O-O Nxe5 14. d6 Be6 15. Nd5 Bxd5 16. Qxd5 Nbd7 17. Rad1 Qxb2 18. Rd2 Qc3 19. Nxe5 Nxe5 20. d7 Red8 21. Qxb7 f6 22. Bf4 g5 23. Qd5+ Nf7 24. Bc7 Qe3+ 25.
Kh1 Qe7 26. Bxd8 Rxd8 27. Bh5 Kf8 28. Bxf7 Qxf7 29. Qxc5+ Kg8 30. Qc8 Qe7 31. h3 f5 32.
Rc1 Kf7 33. Qc4+ Kg6 34. Qc6+ Bf6 35. Rd6 Kg7 36. Rcd1 g4 37. Re6 Qf7 38. Re8 gxh3 39. gxh3 Qh5 40. Rg1+ Bg5 41. Qc3+ Kf7 42. Qc4+ Kf6 43. Qe6+ Kg7 44. Re7+ Kf8 45. Rxg5 Qd1+ 46. Kh2 Qd2+ 47. Rg2 Qf4+ 48. Kg1 Qc1+ 49. Qe1 Qc5+ 50. Re3 Rxd7 51. Kh1 Kf7 52. Qe2 Qc1+ 53. Kh2 Qc7+ 54. Reg3 1-0

[Event "*** Titled Tuesday Blitz"]
[Site "Chess.com"]
[Date "2021.04.06"]
[Round "5"]
[White "babyking1205"]
[Black "VinzentSpitzl"]
[Result "1-0"]
[WhiteElo "2572"]
[BlackElo "2404"]
[TimeControl "180+1"]
[EndTime "10:58:26 PDT"]
[Termination "babyking1205 won by resignation"]

1. e4 c5 2. Nc3 Nc6 3. g3 g6 4. Bg2 Bg7 5. d3 d6 6. Nh3 Nf6 7. O-O O-O 8. f4 Bxh3 9. Bxh3 Nd4 10. Ne2 b5 11. Nxd4 cxd4 12. f5 Nd7 13. g4 Ne5 14. g5 d5 15. Qe1 Rc8 16. Qe2 Rc6 17. Bf4 dxe4 18. Qxe4 Rc5 19. Rae1 f6 20. gxf6 Bxf6 21. fxg6 Nxg6 22. Be6+ Kh8 23. Bh6 Rg8 24. Bxg8 Qxg8 25. Kh1 Rxc2 26. Rc1 Rxc1 27. Rxc1 Ne5 28. Bf4 Ng4 29.
Qf3 e5 30. Bg3 Qe6 31. Qa8+ Kg7 32. Rc7+ Kg6 33. Qf3 Qf5 34. Qxf5+ Kxf5 35. Rxh7 e4 36. dxe4+ Kxe4 37. Kg2 d3 38. Kf1 Bxb2 39. Re7+ Kd4 40. h3 Ne3+ 41. Ke1 Bc3+ 42. Kf2 Nc4 43. Bf4 Bb2 44.
Rd7+ Kc3 45. h4 Kc2 46. h5 d2 47. Bxd2 Nxd2 48. h6 Nc4 49. h7 Bc3 50. Ke2 Kb2 51. Rxa7 b4 52. Rc7 Bd4 53. Rxc4 Bh8 54. Rxb4+ Kxa2 55. Rb8 1-0

[Event "*** Titled Tuesday Blitz"]
[Site "Chess.com"]
[Date "2021.04.06"]
[Round "5"]
[White "Goryachkina"]
[Black "Shuvalov"]
[Result "0-1"]
[WhiteElo "2620"]
[BlackElo "2467"]
[TimeControl "180+1"]
[EndTime "10:58:27 PDT"]
[Termination "Shuvalov won by resignation"]

1. e4 e6 2. d4 d5 3. e5 c5 4. c3 Nc6 5. Nf3 Qb6 6. a3 Bd7 7. Be2 Nh6 8. b4 cxd4 9. cxd4 Nf5 10. Be3 Rc8 11. O-O Be7 12. Bd3 Nxe3 13. fxe3 O-O 14.
Nbd2 Nb8 15. Qe2 Rc3 16. Rf2 a5 17. b5 a4 18. h4 h6 19. h5 Rxa3 20. Rxa3 Bxa3 21.
Qd1 Qa5 22. Nb1 Be7 23. Qe2 a3 24. g4 Qb4 25. Rg2 Bxb5 26. Bxb5 Qxb1+ 27. Kh2 a2 28. Qxa2 Qxb5 29. g5 Bxg5 30. Nxg5 hxg5 31. Rxg5 Qd3 32. h6 g6 33. Qf2 Nd7 34. Rg1 Kh7 35. Rc1 b5 36.
Rc7 Qf5 37. Qxf5 gxf5 38. Rxd7 Rb8 39. Rxf7+ Kxh6 40. Rc7 b4 41. Rc2 b3 42. Rb2 Kg5 43. Kg3 Rb4 44. Kf3 Kh4 45. Kf4 Kh5 46. Kf3 Kg5 47.
Kg3 f4+ 48. exf4+ Kf5 49. Kf3 Rxd4 50. Rxb3 Rxf4+ 51. Ke3 Re4+ 52. Kd3 Kxe5 53. Rb6 Rh4 0-1

[Event "*** Titled Tuesday Blitz"]
[Site "Chess.com"]
[Date "2021.04.06"]
[Round "5"]
[White "Alexander_Zubov"]
[Black "Zq1"]
[Result "1-0"]
[WhiteElo "2985"]
[BlackElo "2542"]
[TimeControl "180+1"]
[EndTime "10:58:28 PDT"]
[Termination "Alexander_Zubov won on time"]

1. d4 d5 2. c4 e6 3. Nc3 Be7 4. Nf3 Nf6 5. Bg5 h6 6. Bh4 O-O 7. e3 b6 8. Rc1 Bb7 9. a3 c5 10. dxc5 bxc5 11. Be2 Nbd7 12. O-O Rb8 13. Qc2 Re8 14. Rfd1 Qb6 15. cxd5 Bxd5 16. Nxd5 exd5 17. Rb1 c4 18. Nd4 Nc5 19. Nf5 Nce4 20. Bf3 Qb3 21. Bxe4 dxe4 22. Rbc1 Qxb2 23. Qxc4 Qxa3 24. Ra1 Qc5 25.
Qxc5 Bxc5 26. Bxf6 gxf6 27. Nxh6+ Kg7 28. Nf5+ Kg6 29. g4 Kg5 30. h3 Bb6 31. Nd6 Re7 32.
Rd5+ Kg6 33. Rad1 Rd7 34. Nxe4 Rxd5 35. Rxd5 Rd8 36. Rf5 Rd1+ 37. Kg2 Bd8 38. h4 Rd7 39.
h5+ Kg7 40. Kf3 a5 41. Nc5 Ra7 42. Na4 Rb7 43. Rd5 Bc7 44. Rd7 Kf8 45. Nc5 Ra7 46. Ke2 Ke8 47. Rd4 Bb6 48. Re4+ Kd8 49. Na4 Bc7 50. h6 Kd7 51. Rd4+ Ke7 52. Nc5 Bb6 53. Re4+ Kd6 54. Re8 Bxc5 55. h7 1-0

[Event "*** Titled Tuesday Blitz"]
[Site "Chess.com"]
[Date "2021.04.06"]
[Round "5"]
[White "Chessmasterzt"]
[Black "ShahMatKanal"]
[Result "0-1"]
[WhiteElo "2595"]
[BlackElo "2459"]
[TimeControl "180+1"]
[EndTime "10:58:29 PDT"]
[Termination "ShahMatKanal won by checkmate"]

1. d4 Nf6 2. Nf3 b5 3. g3 Bb7 4. Bg2 e6 5. O-O Be7 6. Bg5 h6 7. Bxf6 Bxf6 8. c3 O-O 9. a4 a6 10. Qb3 Bd5 11. Qc2 d6 12. e4 Bc6 13. axb5 axb5 14. Rxa8 Bxa8 15. Nbd2 Nd7 16. Re1 Qb8 17.
h4 c5 18. e5 Be7 19. Ra1 cxd4 20. exd6 Qxd6 21. Nxd4 Bxg2 22. Kxg2 Rc8 23. Qe4 b4 24. Ra8 Rxa8 25. Qxa8+ Kh7 26. Qf3 bxc3 27. bxc3 Nf6 28. Ne4 Qe5 29. Nxf6+ Bxf6 30. Ne2 Qc5 31. Qe4+ g6 32. c4 Bd8 33. Nf4 Bb6 34. Nd3 Qd6 35. h5 f5 36. hxg6+ Kxg6 37. Qh4 e5 38. Ne1 e4 39. g4 f4 40. Qh5+ Kg7 41. Qf5 f3+ 42. Kg1 Qc6 43. Qe5+ Kf7 44. Qf5+ Kg7 45. Qe5+ Kf7 46.
Qf5+ Ke7 47. Qh7+ Kd8 48. Qg8+ Kc7 49. Nc2 Qd6 50. Qh7+ Kb8 51. Qxe4 Qg3+ 52. Kh1 Qg2# 0-1

[Event "*** Titled Tuesday Blitz"]
[Site "Chess.com"]
[Date "2021.04.06"]
[Round "5"]
[White "Eloist"]
[Black "MuhittinBuker"]
[Result "1-0"]
[WhiteElo "2355"]
[BlackElo "2195"]
[TimeControl "180+1"]
[EndTime "10:58:29 PDT"]
[Termination "Eloist won on time"]

1. e4 e5 2. Bc4 Bc5 3. Nf3 d6 4.
O-O Nf6 5. d3 O-O 6. c3 a6 7. Nbd2 Nc6 8. Bb3 h6 9. Re1 Be6 10. Nf1 Re8 11. Bxe6 Rxe6 12. d4 exd4 13. cxd4 Bb4 14. d5 Bxe1 15. dxe6 Ba5 16. exf7+ Kxf7 17. Ng3 Kg8 18. Qb3+ Kh8 19. Qxb7 Ne5 20. Nxe5 dxe5 21.
Be3 Ng4 22. Qd5 Nxe3 23. Qxa5 Nc2 24. Rc1 Qd6 25. Qc3 Nd4 26. Qxc7 Qxc7 27. Rxc7 Rb8 28. b3 Rb5 29. Nf5 Nxf5 30. exf5 Rd5 31. g4 Rd2 32.
a4 Rd3 33. Rb7 a5 34. Rb5 e4 35. Rxa5 Rxb3 36. Re5 Rb4 37. a5 Ra4 38. Kg2 Kg8 39. Kg3 Kf7 40. h3 Ra3+ 41. Kf4 Rf3+ 42. Kxe4 Rxf2 43.
Rb5 Ra2 44. Rb7+ Kf8 45. Ra7 Ra3 46. h4 Ra4+ 47. Kf3 Kg8 48. g5 h5 49. g6 Kf8 50.
a6 Ra5 51. Rf7+ Kg8 52. a7 Ra3+ 53. Kf4 Ra4+ 54. Kg5 Rg4+ 55. Kxh5 Ra4 56. Rb7 1-0

[Event "*** Titled Tuesday Blitz"]
[Site "Chess.com"]
[Date "2021.04.06"]
[Round "5"]
[White "MerryPoppies"]
[Black "gisela_roque"]
[Result "1-0"]
[WhiteElo "2149"]
[BlackElo "1751"]
[TimeControl "180+1"]
[EndTime "10:58:29 PDT"]
[Termination "MerryPoppies won on time"]

1. d4 e6 2. c4 Nf6 3. Nc3 Bb4 4. Qc2 O-O 5. Nf3 Bxc3+ 6. Qxc3 d6 7. Bg5 h6 8. Bxf6 Qxf6 9. e4 e5 10. d5 Bg4 11. Be2 Nd7 12. h3 Bxf3 13. Bxf3 Rfe8 14. b4 Nf8 15. c5 Ng6 16. O-O Rf8 17. Rac1 Qe7 18. cxd6 cxd6 19. Qc7 Qxc7 20. Rxc7 Rab8 21. Rfc1 Nf4 22. R1c3 f5 23. exf5 Rxf5 24. Bg4 Rf7 25. g3 Rxc7 26. Rxc7 Nd3 27. a3 Kf8 28. Bf5 Nb2 29.
Rd7 Nc4 30. Rc7 Nxa3 31. Bd3 a6 32. Rd7 Nb5 33. Bxb5 axb5 34. Rxd6 Ke7 35. Re6+ Kd7 36. Rxe5 Kd6 37. Rf5 Rc8 38. Rf7 Kxd5 39. Rxb7 Kc4 40. Rxg7 Kxb4 41. Rh7 Rc6 42. g4 Kb3 43. Rb7 b4 44. f4 Kc3 45. Kg2 b3 46. Kg3 Kc2 47. Kh4 Rc5 48. g5 hxg5+ 49. fxg5 Rc4+ 50. Kh5 b2 51. g6 Rc3 52. Rxb2+ Kxb2 53. h4 Rg3 54. Kh6 Kc3 55.
g7 Kd4 56. h5 Ke5 57. Kh7 Kf6 58. h6 Kf7 59. Kh8 1-0

[Event "*** Titled Tuesday Blitz"]
[Site "Chess.com"]
[Date "2021.04.06"]
[Round "5"]
[White "Zeeduin"]
[Black "SF-96"]
[Result "1/2-1/2"]
[WhiteElo "2767"]
[BlackElo "2581"]
[TimeControl "180+1"]
[EndTime "10:58:30 PDT"]
[Termination "Game drawn - insufficient material"]

1. e4 e5 2. Nf3 Nc6 3. Nc3 Nf6 4. a3 d5 5. Bb5 d4 6. Ne2 Bd6 7. c3 Nxe4 8. cxd4 exd4 9. Nexd4 Bd7 10. Bxc6 bxc6 11.
O-O O-O 12. Qc2 Nf6 13. Nxc6 Qc8 14. d4 Re8 15. Nce5 Bf5 16. Qc4 Be6 17. Qa4 Nd5 18. Bd2 f6 19. Nc4 Bf4 20. Rac1 Bg4 21. Bxf4 Nxf4 22.
Qb3 Ne2+ 23. Kh1 Nxc1 24. Rxc1 Qe6 25. h3 Bxf3 26. Qxf3 Rad8 27. Ne3 Rxd4 28. Rxc7 Rd7 29.
Qb7 Rxc7 30. Qxc7 Qf7 31. Qc5 Qb7 32. b4 Kf7 33. Nf5 Re1+ 34. Kh2 Qb8+ 35. g3 Re6 36. Qc4 g6 37. Nd4 Qe5 38. Qxe6+ Qxe6 39. Nxe6 Kxe6 40. f4 Kd5 41. f5 gxf5 42. Kg2 Ke4 43. b5 f4 44. gxf4 Kxf4 45. a4 Ke4 46. a5 Kd5 47.
Kf3 Kc5 48. b6 axb6 49. axb6 Kxb6 50. Kf4 Kc6 51. Kf5 h5 52. Kxf6 Kd7 53. Kf7 Kd6 54. h4 Kd7 55. Kf6 Ke8 56. Kg7 Ke7 57. Kg6 Kf8 58.
Kh6 Kg8 59. Kxh5 Kh8 60. Kg6 Kg8 61. Kh6 Kh8 62. h5 Kg8 63. Kg6 Kh8 64. Kf7 Kh7 65. Kf6 Kh6 66. Kf5 Kxh5 1/2-1/2

[Event "*** Titled Tuesday Blitz"]
[Site "Chess.com"]
[Date "2021.04.06"]
[Round "5"]
[White "Nozdrachev_Leonid"]
[Black "Durarbayli"]
[Result "1-0"]
[WhiteElo "2579"]
[BlackElo "2731"]
[TimeControl "180+1"]
[EndTime "10:58:30 PDT"]
[Termination "Nozdrachev_Leonid won on time"]

1. e4 c5 2. c3 d5 3. exd5 Qxd5 4. d4 Nf6 5. Nf3 e6 6. Bd3 Be7 7. Be3 cxd4 8. cxd4 O-O 9. O-O Rd8 10. Nc3 Qh5 11. Ne5 Qxd1 12. Rfxd1 Nbd7 13. Rac1 a6 14. Be2 Ne8 15.
Bf3 Nd6 16. Nxd7 Bxd7 17. d5 e5 18. Ne4 Rac8 19. Bb6 Rxc1 20. Rxc1 Rc8 21. Rxc8+ Bxc8 22. Bc5 Nxe4 23. Bxe7 Nd2 24. Be2 Ne4 25. Bf3 f5 26.
Bxe4 fxe4 27. Bd6 b5 28. Bxe5 Kf7 29. d6 g6 30. Kf1 Ke6 31. Bg3 Bb7 32. Ke2 Bd5 33.
a3 Bc4+ 34. Ke3 Bf1 35. Kd4 Bxg2 36. Kc5 Kd7 37. Kb6 Bf1 38. Kxa6 Kc6 39. Ka5 Bd3 40. h4 Bc2 41. Kb4 Bd3 42. b3 Be2 43. a4 bxa4 44.
bxa4 Bd1 45. a5 Be2 46. Kc3 Kd7 47. Kd4 Bd3 48. Kc5 Be2 49. Kb6 e3 50. fxe3 Bf3 51. Kc5 h6 52. Kd4 g5 53. hxg5 hxg5 54. e4 Be2 55.
Ke5 Bd3 56. Kd5 Be2 57. Kd4 Ba6 58. Kc5 Bb7 59. e5 1-0

[Event "*** Titled Tuesday Blitz"]
[Site "Chess.com"]
[Date "2021.04.06"]
[Round "5"]
[White "Cuajada_Zero"]
[Black "Yurovskykh_Oleksandr"]
[Result "0-1"]
[WhiteElo "2311"]
[BlackElo "2523"]
[TimeControl "180+1"]
[EndTime "10:58:30 PDT"]
[Termination "Yurovskykh_Oleksandr won on time"]

1. d4 d5 2. Nf3 Nf6 3. c4 dxc4 4. e3 e6 5. Bxc4 c5 6. O-O Nc6 7. a3 cxd4 8. exd4 Be7 9. Nc3 O-O 10. Bg5 b6 11.
Rc1 Bb7 12. Ba2 Nd5 13. Bxe7 Ncxe7 14. Bb1 Rc8 15. Qd3 g6 16. Ne4 Nf5 17. Rcd1 Qc7 18. Ne5 f6 19. Nf3 Kg7 20. Rfe1 Rfe8 21. Qd2 Qf4 22.
Qxf4 Nxf4 23. Ng3 Nxg3 24. hxg3 Nd5 25. Nd2 Kf7 26. Ne4 Red8 27. f4 Ne7 28. Kf2 Nf5 29.
Nc3 Rxd4 30. Rxd4 Nxd4 31. Rd1 e5 32. fxe5 fxe5 33. Re1 Kf6 34. Be4 Bxe4 35. Nxe4+ Ke6 36. Ng5+ Kd5 37. Nxh7 Rc2+ 38. Kg1 Rxb2 39. Nf6+ Ke6 40.
Ng4 Re2 41. Rc1 Kf5 42. Nh6+ Kg5 43. Nf7+ Kf6 44. Nd6 Ra2 45. Rc7 Rxa3 46. g4 Ke6 47. Ne4 Ne2+ 48. Kh2 Nf4 49. Rg7 Ra2 50. Rb7 Rxg2+ 51.
Kh1 Ra2 52. Ng5+ Kd5 53. Rd7+ Kc6 54. Rd8 a5 55. Nf3 Re2 56. Re8 Kd5 57. Ng5 a4 58. Rd8+ Kc4 59. Ra8 Kb3 60. Nf3 a3 61. g5 a2 62. Kg1 Kb2 63. Kf1 a1=Q+ 64. Rxa1 Kxa1 65. Nxe5 Rxe5 0-1